 Dungeon Crawl Stone Soup version 0.22.0 (webtiles) character file.

7047 nicolaieve the Basher (level 10, -12/93 HPs)
             Began as a Minotaur Berserker on Aug 10, 2018.
             Was a High Priest of Trog.
             Mangled by a small abomination (15 damage)
             ... on level 8 of the Dungeon.
             The game lasted 00:40:18 (6792 turns).

nicolaieve the Basher (Minotaur Berserker)          Turns: 6792, Time: 00:40:19

Health: -12/93     AC: 18    Str: 19    XL:     10   Next: 83%
Magic:  9/9        EV: 10    Int:  4    God:    Trog [*****.]
Gold:   376        SH:  0    Dex: 13    Spells: 9/9 levels left

rFire    . . .     SeeInvis .   m - +0 whip
rCold    . . .     Gourm    .   y - +0 buckler
rNeg     . . .     Faith    +   I - +3 chain mail
rPois    +         Spirit   .   (helmet restricted)
rElec    .         Reflect  .   n - +0 cloak
rCorr    .         Harm     .   g - +0 pair of gloves
MR       ++...                  (no boots)
Stlth    ..........             q - amulet of faith
HPRegen  1.25/turn              l - ring of poison resistance
MPRegen  0.11/turn              h - -3 ring of strength (curse)

@: confused, berserk cooldown, regenerating, slowed, very slow
A: retaliatory headbutt, horns 2
a: Berserk, Trog's Hand, Brothers in Arms, Renounce Religion


You were on level 8 of the Dungeon.
You worshipped Trog.
Trog was extremely pleased with you.
You were near starving.

You visited 1 branch of the dungeon, and saw 8 of its levels.

You collected 376 gold pieces.

Inventory:

Hand Weapons
 m - a +0 whip (weapon)
Armour
 g - a +0 pair of gloves (worn)
 n - a +0 cloak (worn)
 y - a +0 buckler (worn)
 I - a +3 chain mail (worn)
Jewellery
 h - a cursed -3 ring of strength (right hand)
 l - a ring of poison resistance (left hand)
 q - an amulet of faith (around neck)
Wands
 d - a wand of flame (44)
 p - a wand of scattershot (3)
 v - a wand of disintegration (6)
 w - a wand of iceblast (21)
 C - a wand of polymorph (14)
 G - a wand of acid (9)
Scrolls
 b - a scroll of acquirement {unknown}
 i - 7 scrolls of remove curse
 k - 2 scrolls of fear {unknown}
 o - 2 scrolls of amnesia {unknown}
 r - 4 scrolls of teleportation
 s - a scroll of magic mapping {unknown}
 A - 3 scrolls of enchant armour {unknown}
 B - 2 scrolls of enchant weapon {unknown}
 F - 2 scrolls of blinking {unknown}
Potions
 e - 4 potions of curing
 j - 4 potions of cancellation
 x - 2 potions of flight
 z - a potion of heal wounds {unknown}
 D - a potion of haste {unknown}
 H - a potion of magic
Comestibles
 a - 7 chunks of flesh
 c - 17 rations


   Skills:
 + Level 9.8 Fighting
 + Level 11.7 Maces & Flails
 + Level 11.6 Armour
 + Level 5.4 Dodging
 - Level 4.1 Shields
 - Level 0.9 Evocations


You had 9 spell levels left.
You didn't know any spells.
Your spell library was empty.

Dungeon Overview and Level Annotations

Branches:
Dungeon (8/15)             Temple (0/1) D:4            Lair (0/6) D:8

Altars:
Ashenzari
Cheibriados
Fedhas
Kikubaaqudgha
Okawaru
Sif Muna
Wu Jian
Xom
Zin
Lugonu

Shops:
D:5 *   D:7 [


Innate Abilities, Weirdness & Mutations

You reflexively headbutt those who attack you in melee.
You have a pair of horns on your head.


Message History

* * * LOW HITPOINT WARNING * * *
The small abomination hits you but does no damage.
The green ugly thing closely misses you.
A small abomination comes into view.
Okay, then.
It was a potion of magic.
Magic courses through your body.
The small abomination barely misses you.
You block the small abomination's attack.
The green ugly thing closely misses you.
The small abomination closely misses you.
You furiously retaliate!
You headbutt the small abomination.
You block the small abomination's attack.
The green ugly thing barely misses you.
It was a potion of ambrosia.
You are confused.
You feel invigorated. The green ugly thing engulfs you!
* * * LOW HITPOINT WARNING * * *
The small abomination hits you but does no damage.
The small abomination hits you!
You die...

..# .... #...........P.
..# .:)).
#............. ..#
.%_$. #............P
..# .$x$.#
##########..P. .##
.....### ##..P .#
###....## #.P. ##
####.††.# #..P
####.xuu############.PP
#.###x@###........##...
##©######
#........###+.
##########...#
#........#...#
#........#..##
#####........'....
...........##
#............#.#.#
.........###
#.....######.#.#..
.........### #.....#
#.#...# ...........#
#.....# #......
..########.# #.....#
###...#


You could see 2 ugly things and 3 small abominations.

Vanquished Creatures
  Harold (D:7)
  Erica (D:8)
  The ghost of lukekx100 the Covered, a novice HOFi (D:6)
  An ugly thing (D:8)
  A raiju (D:8)
  2 hippogriffs (D:8)
  Eustachio (D:5)
  2 small abominations (D:8)
  Menkaure (D:7)
  2 porcupines (D:8)
  2 orc warriors
  2 ice beasts
  3 phantoms
  A sky beast (D:5)
  5 ogres
  2 centaurs
  A crocodile (D:8)
  A big kobold (D:8)
  6 bullfrogs
  4 scorpions
  5 killer bees (D:6)
  3 howler monkeys (D:6)
  2 crimson imps (D:5)
  A bullfrog zombie (D:8)
  A centaur zombie (D:8)
  3 quasits
  A jelly (D:8)
  Crazy Yiuf (D:2)
  2 orc priests
  Ijyb (D:5)
  3 hounds
  7 orc wizards
  4 iguanas
  4 worker ants
  A hound zombie (D:7)
  2 hound skeletons
  4 worker ant zombies
  Robin (D:4)
  4 gnolls
  10 adders
  2 howler monkey skeletons (D:6)
  An ooze (D:6)
  2 adder zombies
  An adder skeleton (D:6)
  3 worms
  2 dart slugs
  4 leopard geckos
  15 orcs
  A ball python (D:5)
  6 bats
  4 giant cockroaches
  17 goblins
  9 hobgoblins
  5 jackals
  2 quokkas
  7 frilled lizards
  9 kobolds
  2 quokka skeletons (D:4)
  10 rats
202 creatures vanquished.

Vanquished Creatures (others)
  A howler monkey (D:4)
  An adder (D:4)
  An orc (D:8)
  A giant cockroach (D:4)
  A quokka (D:4)
5 creatures vanquished.

Grand Total: 207 creatures vanquished

Notes
Turn   | Place    | Note
-------+----------+-------------------------------------------
     0 | D:1      | nicolaieve the Minotaur Berserker began the quest for the Orb.
     0 | D:1      | Reached XP level 1. HP: 19/19 MP: 0/0
   189 | D:1      | Reached XP level 2. HP: 25/26 MP: 1/1
   327 | D:1      | Found an iron altar of Okawaru.
   578 | D:1      | Reached skill level 5 in Maces & Flails
   578 | D:1      | Reached XP level 3. HP: 22/31 MP: 2/2
   864 | D:2      | Reached ** piety under Trog
   995 | D:2      | Found a runed door.
  1044 | D:2      | Reached XP level 4. HP: 25/39 MP: 3/3
  1316 | D:2      | Noticed Crazy Yiuf
  1320 | D:2      | Killed Crazy Yiuf
  1396 | D:3      | Reached XP level 5. HP: 16/45 MP: 4/4
  1849 | D:3      | Found an ornate altar of the Wu Jian Council.
  1849 | D:3      | Found a glowing silver altar of Zin.
  1854 | D:3      | Found a snail-covered altar of Cheibriados.
  1856 | D:3      | Found a shattered altar of Ashenzari.
  1857 | D:3      | Found a faded altar of an unknown god.
  1991 | D:3      | Found a deep blue altar of Sif Muna.
  2453 | D:4      | Reached *** piety under Trog
  2453 | D:4      | Noticed Robin
  2461 | D:4      | Reached XP level 6. HP: 41/51 MP: 5/5
  2465 | D:4      | Killed Robin
  2624 | D:4      | Found a staircase to the Ecumenical Temple.
  2787 | D:4      | Reached XP level 7. HP: 57/57 MP: 6/6
  3025 | D:4      | Found a shimmering altar of Xom.
  3329 | D:5      | Entered Level 5 of the Dungeon
  3402 | D:5      | Reached skill level 10 in Maces & Flails
  3461 | D:5      | Noticed Ijyb
  3472 | D:5      | Killed Ijyb
  3567 | D:5      | Noticed Eustachio
  3591 | D:5      | Killed Eustachio
  3591 | D:5      | Reached XP level 8. HP: 40/64 MP: 7/7
  3654 | D:5      | Found a blossoming altar of Fedhas.
  3674 | D:5      | Found an ancient bone altar of Kikubaaqudgha.
  3750 | D:5      | Reached skill level 1 in Shields
  3907 | D:5      | Found Noeckudgh's Assorted Antiques.
  3929 | D:5      | Reached **** piety under Trog
  4091 | D:5      | Reached skill level 5 in Fighting
  4329 | D:6      | Reached skill level 5 in Armour
  4353 | D:6      | Found an iron altar of Okawaru.
  4509 | D:6      | Reached XP level 9. HP: 36/75 MP: 8/8
  4876 | D:6      | Found a runed door.
  4876 | D:6      | Noticed lukekx100's ghost (novice HOFi)
  4944 | D:6      | Killed lukekx100's ghost
  5015 | D:6      | Received a gift from Trog
  5112 | D:7      | Found Votwagao's Antique Armour Shop.
  5286 | D:7      | Noticed Harold
  5304 | D:7      | Killed Harold
  5304 | D:7      | Reached XP level 10. HP: 89/89 MP: 9/9
  5461 | D:7      | Noticed Menkaure
  5467 | D:7      | Killed Menkaure
  5640 | D:7      | Reached skill level 10 in Armour
  6078 | D:8      | Found a transporter.
  6183 | D:8      | Noticed Erica
  6192 | D:8      | Reached ***** piety under Trog
  6220 | D:8      | Killed Erica
  6220 | D:8      | Reached skill level 5 in Dodging
  6575 | D:8      | Found a staircase to the Lair.
  6749 | D:8      | Found a corrupted altar of Lugonu.
  6751 | D:8      | Noticed a purple ugly thing
  6753 | D:8      | Noticed a cyan ugly thing
  6758 | D:8      | Noticed a purple ugly thing
  6784 | D:8      | Killed a cyan ugly thing
  6792 | D:8      | HP: 3/93 [green ugly thing (12)]
  6792 | D:8      | Mangled by a small abomination

Skill      XL: |  1  2  3  4  5  6  7  8  9 10 |
---------------+-------------------------------+-----
Maces & Flails | 4 5 6 8 9 11 | 11.7
Fighting       | 6 8 9 |  9.8
Armour         | 5 9 11 | 11.6
Shields        | 4 |  4.1
Dodging        | 3 4 5 |  5.4
Evocations     | |  0.9

Action                   |  1- 3 |  4- 6 |  7- 9 | 10-12 || total
-------------------------+-------+-------+-------+-------++-------
Melee: Mace              |    74 |   100 |   326 |   124 ||   624
       Headbutt          |    11 |    20 |    72 |    46 ||   149
       Whip              |       |       |       |    68 ||    68
Invok: Berserk           |       |     1 |     9 |     1 ||    11
       Trog's Hand       |       |       |     4 |     1 ||     5
Evoke: Wand              |       |     4 |       |       ||     4
  Use: Scroll            |       |       |       |     8 ||     8
       Potion            |       |       |       |     3 ||     3
  Eat: Chunk             |       |     7 |    11 |     5 ||    23
       Ration            |       |       |     2 |       ||     2
Armor: Animal skin       |    14 |       |       |       ||    14
       Chain mail        |       |    50 |   176 |   106 ||   332
Dodge: Dodged            |    50 |    50 |   141 |    68 ||   309
Block: Buckler           |       |       |    49 |    23 ||    72
